 Dungeon Crawl Stone Soup version 0.17-a0-2208-ge5ab1d3 (webtiles) character file.

2742 4thArraOfDagon the Cleaver (level 9, -16/123 HPs)
             Began as a Deep Dwarf Berserker on Oct 26, 2015.
             Was a Believer of Trog.
             Demolished by a hill giant
             ... wielding a +0 giant spiked club
              (27 damage)
             ... on level 10 of the Dungeon.
             The game lasted 00:10:17 (1431 turns).

4thArraOfDagon the Cleaver (Deep Dwarf Berserker)   Turns: 1431, Time: 00:10:17

Health: -16/123    AC: 11    Str: 29      XL:     9   Next: 41%
Magic:  13/13      EV:  9    Int:  8      God:    Trog [**....]
Gold:   235        SH:  0    Dex: 10 (12) Spells: 0 memorised, 8 levels left

rFire  . . .     SeeInvis .     m - +0 battleaxe
rCold  . . .     Clarity  .     l - +0 chain mail
rNeg   . . .     SustAt   .     (no shield)
rPois  .         Gourm    .     e - +0 helmet
rElec  .         Spirit   .     (no cloak)
rCorr  .         Warding  .     (no gloves)
rMut   .         Stasis   .     (no boots)
MR     +++..                    (no amulet)
Stlth  ..........               (no ring)
                                (no ring)

@: berserking, non-regenerating, very quick, extremely resistant to hostile
enchantments, extremely unstealthy
A: damage resistance, recharge devices, sense surroundings 2, slow regeneration
3
a: Device Recharging, Berserk, Trog's Hand, Burn Spellbooks, Renounce Religion


You were on level 10 of the Dungeon.
You worshipped Trog.
Trog was pleased with you.
You were not hungry.

You visited 1 branch of the dungeon, and saw 10 of its levels.

You collected 259 gold pieces.
You spent 24 gold pieces at shops.

Inventory:

Hand Weapons
 a - a +0 hand axe
 m - a +0 battleaxe (weapon)
Armour
 e - a +0 helmet (worn)
 l - a +0 chain mail (worn)
Jewellery
 n - an uncursed ring of ice
Wands
 c - a wand of heal wounds (5)
 i - a wand of disintegration (13)
Scrolls
 o - a scroll of magic mapping
Potions
 f - a potion of curing
 h - a potion of heal wounds {unknown}
 j - 3 potions of cancellation
 p - a potion of agility {unknown}
Comestibles
 b - 4 chunks of flesh
 d - 4 bread rations
 g - a royal jelly


   Skills:
 + Level 5.8 Fighting
 * Level 9.6 Axes
 + Level 6.8 Armour
 - Level 2.1 Dodging
 + Level 7.3 Evocations


You had 8 spell levels left.
You didn't know any spells.

Dungeon Overview and Level Annotations

Branches:
Dungeon (10/15)            Temple (0/1) D:4            Lair (0/8) D:8
    Orc: D:9-12

Altars:
Okawaru
Ru

Shops:
D:4 *   D:6 }

Annotations:
D:3 Ijyb


Innate Abilities, Weirdness & Mutations

You are resistant to damage.
You can recharge devices by infusing magical energy.
You passively map the area around you.
You do not regenerate naturally.


Message History

The yak gores you but does no damage.
The hill giant hits you with a giant spiked club!
The yak gores you.
* * * LOW HITPOINT WARNING * * *
The crimson imp hits you but does no damage.
Unknown command.
You slice the hill giant!!
The hill giant is almost dead.
You closely miss the crimson imp. You hit the hill giant.
The hill giant is severely wounded.
You slash the yak!
The yak is heavily wounded.
You hit the yak.
The yak is moderately wounded.
The yak closely misses you.
The hill giant hits you with a giant club!!
* * * LOW HITPOINT WARNING * * *
The yak gores you.
The hill giant hits you with a giant spiked club!!
You die...

#......# * * ,
,, #......#,,
** #..##..# ,
,,, *
#......#, ,*
,, #......# ,
, *,*
#......##+####
* ,,
#.............
,
#.$...CY...###
, #.####@Y...#
*, #. #5C...#
* , # #g....#
, , ....g....
* .........* *
*, ##........*
, #....##.. ,,
, #....#*.. ,
, , , ,


You could see 2 hill giants, 2 yaks, 2 gnolls and a crimson imp.

Vanquished Creatures
  Erica (D:9)
  A troll (D:9)
  2 yaks (D:10)
  2 hippogriffs (D:7)
  A hungry ghost (D:7)
  A centaur (D:9)
  An orc warrior (D:7)
  3 ogres
  A crocodile (D:9)
  5 killer bees (D:7)
  A crimson imp (D:9)
  A quasit (D:9)
  2 hounds
  An orc wizard (D:7)
  A giant frog skeleton (D:4)
  A jelly (D:7)
  2 iguanas (D:4)
  A worker ant (D:4)
  A killer bee zombie (D:7)
  Robin (D:2)
  6 adders
  5 gnolls
  2 worker ant zombies
  2 giant geckos (D:3)
  14 orcs
  2 bats (D:2)
  A giant cockroach (D:7)
  4 hobgoblins
  2 jackals (D:6)
  A ball python (D:1)
  5 giant newts
  15 goblins
  A quokka (D:3)
  2 rats
92 creatures vanquished.

Notes
Turn   | Place    | Note
--------------------------------------------------------------
     0 | D:1      | 4thArraOfDagon the Deep Dwarf Berserker began the quest for the Orb.
     0 | D:1      | Reached XP level 1. HP: 20/20 MP: 1/1
    50 | D:2      | Noticed Robin
    53 | D:2      | Reached XP level 2. HP: 18/27 MP: 2/2
    62 | D:2      | HP: 1/27 [adder (2)]
    79 | D:2      | Reached ** piety under Trog
    79 | D:2      | Reached XP level 3. HP: 27/34 MP: 3/3
    90 | D:2      | Killed Robin
    90 | D:2      | Reached skill level 4 in Axes
   120 | D:2      | Reached skill level 1 in Evocations
   171 | D:3      | Noticed Ijyb
   234 | D:3      | Reached XP level 4. HP: 30/42 MP: 4/4
   388 | D:4      | Noticed an ogre
   417 | D:4      | Killed an ogre
   417 | D:4      | Reached skill level 5 in Axes
   417 | D:4      | Reached XP level 5. HP: 49/49 MP: 5/5
   500 | D:4      | Noticed an ogre
   505 | D:4      | Found Jonej's General Store.
   520 | D:4      | Reached XP level 6. HP: 49/56 MP: 5/7
   549 | D:4      | Bought a scroll of identify for 24 gold pieces
   591 | D:4      | Killed an ogre
   591 | D:4      | Reached skill level 6 in Axes
   592 | D:4      | Found a staircase to the Ecumenical Temple.
   614 | D:5      | Entered Level 5 of the Dungeon
   666 | D:6      | Found Fytseiheag's Gadget Shoppe.
   788 | D:7      | Noticed a hippogriff
   792 | D:7      | Killed a hippogriff
   792 | D:7      | Reached XP level 7. HP: 64/64 MP: 7/9
   798 | D:7      | Noticed a hungry ghost
   802 | D:7      | RIp
   835 | D:7      | RIP like i said
   844 | D:7      | Killed a hungry ghost
   900 | D:7      | Reached skill level 7 in Axes
   926 | D:7      | Reached skill level 5 in Armour
   926 | D:7      | Reached skill level 5 in Evocations
   956 | D:7      | Reached XP level 8. HP: 73/73 MP: 10/10
   996 | D:7      | Reached *** piety under Trog
  1038 | D:7      | Noticed a hippogriff
  1045 | D:7      | Killed a hippogriff
  1062 | D:8      | Found a sacrificial altar of Ru.
  1064 | D:8      | Found an iron altar of Okawaru.
  1105 | D:8      | Found a staircase to the Lair.
  1153 | D:9      | Noticed a troll
  1163 | D:9      | Reached skill level 8 in Axes
  1170 | D:9      | Killed a troll
  1170 | D:9      | Reached skill level 5 in Fighting
  1220 | D:9      | Noticed Erica
  1235 | D:9      | Killed Erica
  1235 | D:9      | Reached skill level 9 in Axes
  1235 | D:9      | Gained mutation: You passively map the area around you. [Deep Dwarf growth]
  1235 | D:9      | Reached XP level 9. HP: 82/82 MP: 11/13
  1403 | D:10     | Entered Level 10 of the Dungeon
  1404 | D:10     | Noticed a hill giant
  1425 | D:10     | Noticed a hill giant
  1431 | D:10     | Demolished by a hill giant

Vault maps used:
D:1:      lightli_arrival_isolated_outpost
D:2:      uniq_robin
D:3:      first_bread, hex_tiny, saegor_snake_ambush, uniq_iyjb, uniq_terence
D:4:      temple_fountains, serial_shops, shop, shop, nicolae_shop_crystal,
          nicolae_shop_trees, shop, kennysheep_generic_room_9
D:5:      uniq_menkaure, uniq_pikel, uniq_duvessa
D:6:      serial_glass, glass_columns_c, glass_columns_b, serial_shops,
          nicolae_shop_stone
D:8:      okawaru_ov_weapons_minmay, dpeg_oklobed_lair, basic_altar,
          david_nohive_1
D:9:      special_room, st_stairs_12, hangedman_abyss_or_decor_stabs,
          minmay_misc_feat_five, minmay_orc_keep, uniq_grum, uniq_erolcha,
          uniq_erica
D:10:     orc_0_dummy, minmay_misc_feat_room

Action                   |  1- 3 |  4- 6 |  7- 9 || total
-------------------------+-------+-------+-------++-------
Melee: Hand axe          |    52 |    59 |       ||   111
       Battleaxe         |       |    34 |   138 ||   172
Invok: Berserk           |     2 |     6 |     8 ||    16
       Trog's Hand       |       |     4 |     7 ||    11
 Abil: Device Recharging |     1 |       |       ||     1
Evoke: Wand              |     6 |     1 |     3 ||    10
  Use: Scroll            |     1 |     3 |     3 ||     7
       Potion            |       |       |     1 ||     1
  Eat: Chunk             |       |     8 |    11 ||    19
       Fruit             |       |       |     6 ||     6
       Meat ration       |       |       |     1 ||     1
       Bread ration      |       |       |     1 ||     1
       Beef jerky        |       |       |     1 ||     1
